 Dungeon Crawl Stone Soup version 0.23-a0-622-g59b4ea9 (webtiles) character file.

105 TheGoonsmith the Conjurer (level 4, -2/33 HPs)
             Began as a Draconian Conjurer on Dec 23, 2018.
             Slain by Grinder (7 damage)
             ... on level 3 of the Dungeon.
             The game lasted 00:04:20 (2696 turns).

TheGoonsmith the Conjurer (Draconian Conjurer)      Turns: 2696, Time: 00:04:21

Health: -2/33      AC:  6    Str: 10    XL:     4   Next: 53%
Magic:  8/9        EV: 12    Int: 16    God:
Gold:   185        SH:  0    Dex: 12    Spells: 7/10 levels left

rFire    . . .     SeeInvis .   l - +0 long sword
rCold    . . .     Gourm    .   (no shield)
rNeg     . . .     Faith    .   (armour unavailable)
rPois    .         Spirit   .   (helmet restricted)
rElec    .         Reflect  .   (no cloak)
rCorr    .         Harm     .   (no gloves)
MR       .....                  r - +0 pair of boots
Stlth    ++........             (no amulet)
HPRegen  0.11/turn              (no ring)
MPRegen  0.11/turn              (no ring)

@: flying, very slightly contaminated
A: unfitting armour, cold-blooded, AC +5
a: no special abilities


You were on level 3 of the Dungeon.
You were not hungry.

You visited 1 branch of the dungeon, and saw 3 of its levels.

You collected 185 gold pieces.

Inventory:

Hand Weapons
 d - a +1 short sword of freezing
 l - a +0 long sword (weapon)
Armour
 r - a +0 pair of boots (worn)
Jewellery
 j - an uncursed ring of positive energy {unknown}
 k - an uncursed amulet of harm {unknown}
 p - an uncursed amulet of faith {unknown}
 s - an uncursed ring of ice {unknown}
Scrolls
 c - 2 scrolls of remove curse {unknown}
 e - a scroll of amnesia {unknown}
 f - a scroll of teleportation {unknown}
 h - 2 scrolls of noise {unknown}
 n - 3 scrolls of blinking {unknown}
 q - 3 scrolls of magic mapping {unknown}
 t - a scroll of random uselessness {unknown}
 u - a scroll of enchant weapon {unknown}
Potions
 a - a potion of mutation {unknown}
 g - a potion of flight
 i - a potion of curing {unknown}
 m - a potion of brilliance {unknown}
 o - 2 potions of agility {unknown}
Comestibles
 b - 4 rations
 v - 2 chunks of flesh


   Skills:
 - Level 1.7 Dodging
 - Level 1.7 Stealth
 + Level 3.5 Spellcasting
 - Level 5.0 Conjurations


You had 7 spell levels left.
You knew the following spells:

 Your Spells              Type           Power        Failure   Level  Hunger
a - Magic Dart            Conj           ###.         2%          1    None
b - Searing Ray           Conj           ###...       3%          2    ##.....

Your spell library contained the following spells:

 Spells                   Type           Power        Failure   Level  Hunger
 Dazzling Spray           Conj/Hex       ##....       19%         3    ###....
 Iskenderun's Mystic Bla  Conj           ###.....     22%         4    ####...
 Force Lance              Conj/Tloc      ##......     54%         4    ####...
 Fulminant Prism          Conj/Hex       ##........   54%         4    ####...


Dungeon Overview and Level Annotations

Branches:
Dungeon (3/15)

Altars:
Xom

Annotations:
D:3 Grinder


Innate Abilities, Weirdness & Mutations

Your plain brown scales are hard. (AC +5)
You cannot fit into any form of body armour.
You are cold-blooded and may be slowed by cold attacks.


Message History

You can't see any susceptible monsters within range! (Use Z to cast anyway.)
You start resting.
Grinder is too close now for your liking.
There is a stone staircase leading up, spattered with blood here.
You see here 4 stones.
Casting: Magic Dart (safe; 2% risk of failure)
Confirm with . or Enter, or press ? or * to list all spells.
Aiming: Magic Dart (safe; 2% risk of failure)
Press: ? - help, Shift-Dir - straight line, f/p - Grinder
Aim: Grinder (lightly wounded)
You miscast Magic Dart.
You are very lightly contaminated with residual magic.
Nothing appears to happen.
Grinder hits you.
You writhe in agony.
* * * LOW HITPOINT WARNING * * *
Okay, then.
There is a stone staircase leading up here.
It was a potion of flight.
You feel very buoyant.
You fly up into the air.
Grinder hits you!
You die...

##.#. #...........
...#.###.............#
.......(..............
)....###........... ..
..##............... .
#......).)#######
#.....<#.........
#.#....#...#########
#..@5..#.#.#<.......
########.#.#########
.................
###.#.#.#######.#
#.#.#.## #<.)
##'#'#..# #...
#.......# ##...
#.......## #....
#........# #....


You could see Grinder.

Vanquished Creatures
  5 adders
  2 worms
  5 orcs (D:3)
  2 ball pythons (D:2)
  3 giant cockroaches
  8 hobgoblins
  8 kobolds
  A quokka (D:2)
  4 bats
  2 frilled lizards (D:1)
  4 goblins
  6 rats
50 creatures vanquished.

Notes
Turn   | Place    | Note
-------+----------+-------------------------------------------
     0 | D:1      | TheGoonsmith the Draconian Conjurer began the quest for the
                  | Orb.
     0 | D:1      | Reached XP level 1. HP: 14/14 MP: 3/3
   378 | D:1      | Reached XP level 2. HP: 11/20 MP: 0/5
  1162 | D:2      | Found a faded altar of an unknown god.
  1175 | D:2      | Reached XP level 3. HP: 17/26 MP: 0/7
  1553 | D:2      | Learned a level 2 spell: Searing Ray
  1738 | D:3      | Noticed Grinder
  2009 | D:3      | Reached XP level 4. HP: 33/33 MP: 1/8
  2042 | D:3      | Reached skill level 5 in Conjurations
  2356 | D:3      | Found a shimmering altar of Xom.
  2356 | D:3      | Found a shimmering altar of Xom.
  2359 | D:3      | Found a shimmering altar of Xom.
  2359 | D:3      | Found a shimmering altar of Xom.
  2371 | D:3      | Found a shimmering altar of Xom.
  2371 | D:3      | Found a shimmering altar of Xom.
  2455 | D:3      | Found a shimmering altar of Xom.
  2696 | D:3      | Slain by Grinder

Vault maps used:
D:1:      lightli_arrival_isolated_outpost
D:2:      chequers_ecumenical_altar_island
D:3:      xom_redecorated, uniq_grinder

Skill      XL: |  1  2  3  4 |
---------------+-------------+-----
Spellcasting   | 3 |  3.5
Conjurations   | 5 |  5.0
Dodging        | |  1.7
Stealth        | |  1.7

Action                   |  1- 3 |  4- 6 || total
-------------------------+-------+-------++-------
Melee: Short sword       |     8 |       ||     8
       Long sword        |    11 |    18 ||    29
       Tailslap          |     4 |     1 ||     5
 Cast: Magic Dart        |    50 |    38 ||    88
       Searing Ray       |     1 |     1 ||     2
  Use: Potion            |       |     1 ||     1
  Eat: Chunk             |     3 |     3 ||     6
Armor: Skin              |     6 |     5 ||    11
Dodge: Dodged            |    23 |    21 ||    44
       Rpst.: Long sword |     5 |     4 ||     9

Table legend:
 A = Non-vault XP
 B = Vault XP
 C = Vault XP percentage of total XP
 D = Non-vault monster count
 E = Vault monster count
 F = Vault count percentage of total count
                 A         B        C        D         E       F
            +---------+---------+-------+---------+---------+-------
      Total |     150 |       0 |   0.0 |      50 |       0 |   0.0
            +---------+---------+-------+---------+---------+-------
        D:1 |      14 |       0 |   0.0 |       9 |       0 |   0.0
        D:2 |      76 |       0 |   0.0 |      18 |       0 |   0.0
        D:3 |      60 |       0 |   0.0 |      23 |       0 |   0.0
            +---------+---------+-------+---------+---------+-------
